 Dungeon Crawl Stone Soup version 0.27-a0-417-g317cea8a3c (webtiles) character file.

Game seed: 12811400037155368594

0 wampuh the Caller (level 1, 0/10 HPs)
             Began as a Tengu Summoner on Feb 25, 2021.
             Slain by a jackal (2 damage)
             ... on level 1 of the Dungeon.
             The game lasted 00:01:02 (108 turns).

wampuh the Caller (Tengu Summoner)                   Turns: 108, Time: 00:01:02

Health: 0/10       AC:  2    Str:  8    XL:     1   Next: 10%
Magic:  0/4        EV:  9    Int: 15    God:
Gold:   0          SH:  0    Dex: 14    Spells: 3/4 levels left

rFire    . . .     SeeInvis .   d - +0 dagger
rCold    . . .     Faith    .   (no shield)
rNeg     . . .     Spirit   .   a - +0 robe
rPois    .         Reflect  .   (helmet restricted)
rElec    .         Harm     .   (no cloak)
rCorr    .         Rampage  .   (no gloves)
Will     .....                  (boots unavailable)
Stlth    ++........             (no amulet)
HPRegen  0.03/turn              (no ring)
MPRegen  0.09/turn              (no ring)

@: constricted
A: beak, talons 3
a: no special abilities


You were on level 1 of the Dungeon.
You visited 1 branch of the dungeon, and saw 1 of its levels.

Inventory:

Hand Weapons
 d - a +0 dagger (weapon)
Armour
 a - a +0 robe (worn)
Scrolls
 b - a scroll of teleportation {unknown}
 c - 3 scrolls of amnesia {unknown}


   Skills:
 + Level 2.1 Dodging
 + Level 2.0 Stealth
 + Level 2.0 Spellcasting
 + Level 4.8 Summonings


You had 3 spell levels left.
You knew the following spells:

 Your Spells              Type           Power        Failure   Level
a - Summon Small Mammal   Summ           64%          3%          1

Your spell library contained the following spells:

 Spells                   Type           Power        Failure   Level
 Call Imp                 Summ           16%          4%          2
 Call Canine Familiar     Summ           16%          9%          3
 Summon Guardian Golem    Hex/Summ       8%           24%         3
 Summon Ice Beast         Ice/Summ       8%           63%         4
 Summon Lightning Spire   Summ/Air       8%           63%         4


Dungeon Overview and Level Annotations

Branches:
Dungeon (1/15)

Altars:


Innate Abilities, Weirdness & Mutations

You have a beak for a mouth.
You have claws for feet.


Message History

Your bat closely misses the jackal.
The ball python misses your bat.
The ball python completely misses your bat.
The jackal bites you but does no damage.
You swap places.
Your bat misses the jackal.
Your bat hits the jackal but does no damage.
Your bat barely misses the ball python.
The ball python bites your bat but does no damage.
The ball python grabs your bat. The ball python constricts your bat.
The jackal barely misses your quokka.
Your quokka barely misses the jackal.
The ball python loses its grip on your bat.
Your bat disappears in a puff of smoke!
The jackal closely misses your quokka.
Your quokka bites the jackal.
The jackal bites your quokka.
You swap places.
Something misses your quokka. Something barely misses your quokka.
Something closely misses your quokka.
You swap places.
The jackal closely misses your quokka. The jackal bites your quokka.
You hit the jackal but do no damage. Your kick misses the jackal.
The jackal is heavily wounded.
The jackal misses your quokka.
Your bat completely misses the ball python.
Your quokka misses the jackal. The ball python barely misses you.
The ball python grabs you. The ball python constricts you.
You hit the jackal. Your kick misses the jackal. Your peck misses the jackal.
The jackal is severely wounded.
Your bat hits the ball python. The jackal bites you.
Your quokka misses the jackal.
The ball python bites you but does no damage.
The ball python constricts you. The jackal misses your quokka.
Your quokka bites the jackal.
Your bat disappears in a puff of smoke!
Your quokka misses the jackal. The ball python bites you.
The ball python constricts you. The jackal bites you.
* * * LOW HITPOINT WARNING * * *
Your quokka barely misses the jackal.
The jackal closely misses your quokka. The jackal closely misses you.
Your quokka bites the jackal.
The jackal dies!
Your quokka bites the jackal.
The jackal bites you.
You die... #.# #.# #.# #.# #.# #S# #.# #.# . #.######.## ... #>..Sh†h..#..... ###.######........ #rhSh.#

#.#...... #rr@h.#
#h# ..... #.r...#
#h# ####
######..§..# #.#
#....(.....# #.#
#.####.....####.#
#.# #...........
#.####.....#####
#.#.......## ♣♣♣
#.#.#####.#


You could see 3 jackals, a ball python, 3 friendly quokkas and a friendly rat
(summoned).

Vanquished Creatures (collateral kills)
  A goblin (D:1)
  A jackal (D:1)
2 creatures vanquished.

Notes
Turn   | Place    | Note
-------+----------+-------------------------------------------
     0 | D:1      | wampuh the Tengu Summoner began the quest for the Orb.
     0 | D:1      | Reached XP level 1. HP: 10/10 MP: 4/4
   108 | D:1      | Slain by a jackal

Illustrated notes

Levels and vault maps discovered:
D:1:      kennysheep_arrival_forest, layout_basic

Action                   || total
-------------------------++-------
Melee: Dagger            ||     3
 Cast: Summon Small Mamm ||     7
Armor: Robe              ||     4
Dodge: Dodged            ||     8

Table legend: (Time is in decaauts)
 A = Elapsed time spent in this place.
 B = Non-inter-level travel time spent in this place.
 C = Inter-level travel time spent in this place.
 D = Time resting spent in this place.
 E = Time spent auto-exploring this place.
 F = Levels seen in this place.
 G = Mean time per level.
                   A        B        C        D        E       F      G
               +--------+--------+--------+--------+--------+-----+--------+
         Total |    107 |    107 |      0 |     11 |     58 |   1 |  107.0 |
       Dungeon |    107 |    107 |      0 |     11 |     58 |   1 |  107.0 |
               +--------+--------+--------+--------+--------+-----+--------+

Top non-repeatable levels by time:
     D:1: 107 daAuts
